 Dungeon Crawl Stone Soup version 0.28.0-43-g3370ac3207 (webtiles) character file.

Game seed: 10578425350406044952

37361 pkoi the Destroyer (level 13, -4/102 HPs)
             Began as a Red Draconian Conjurer on Mar 3, 2022.
             Was a Priest of Sif Muna.
             Slain by a wolf spider (14 damage)
             ... on level 3 of the Lair of Beasts on Mar 4, 2022.
             The game lasted 00:41:27 (19253 turns).

pkoi the Destroyer (Red Draconian Conjurer)        Turns: 19253, Time: 00:41:32

Health: -4/102     AC: 11    Str: 16    XL:     13   Next: 58%
Magic:  17/25      EV: 13    Int: 28    God:    Sif Muna [***...]
Gold:   855        SH:  0    Dex: 10    Spells: 11/28 levels left

rFire   + + +      SeeInvis .   i - staff of fire
rCold   + . .      Faith    .   (no shield)
rNeg    . . .      Spirit   .   (armour unavailable)
rPois   .          Reflect  .   c - +1 hat {Will+}
rElec   .          Harm     .   (no cloak)
rCorr   .          Rampage  .   (no gloves)
Will    ++...                   s - +1 pair of boots
Stlth   ++........              I - amulet "Zemisoy" {RegenMP Will+}
HPRegen 0.27/turn               o - ring of protection from cold
MPRegen 0.59/turn               f - ring of the Chupacabra {rF+ Str+6 Int+5}

@: short of breath
A: breathe fire, AC +8, unfitting armour, fire resistance 1, cold-blooded
a: Breathe Fire, Renounce Religion, Channel Magic, Forget Spell


You were on level 3 of the Lair of Beasts.
You worshipped Sif Muna.
Sif Muna was most pleased with you.
You visited 3 branches of the dungeon, and saw 13 of its levels.
You also visited: Bailey.

You collected 855 gold pieces.

Inventory:

Hand Weapons
 y - a +3 rapier of draining
 H - the +9 whip "Cuaxty" {venom, rF++ rC- Dex+7}
   (You found it on level 6 of the Dungeon)

   It poisons the flesh of those it strikes.
   Dex:       It affects your dexterity (+7).
   rF:        It greatly protects you from fire.
   rC:        It makes you vulnerable to cold.
Missiles
 g - 42 poisoned darts
Armour
 c - a +1 hat of willpower (worn)
 s - a +1 pair of boots (worn)
Magical Staves
 i - a staff of fire (weapon)
Jewellery
 f - the ring of the Chupacabra (right hand) {rF+ Str+6 Int+5}
   (You acquired it on level 9 of the Dungeon)

   [ring of strength]

   Str:       It affects your strength (+6).
   Int:       It affects your intelligence (+5).
   rF:        It protects you from fire.
 o - a ring of protection from cold (left hand)
 C - a ring of willpower
 I - the amulet "Zemisoy" (around neck) {RegenMP Will+}
   (You found it on level 6 of the Dungeon)

   [amulet of magic regeneration]

   It increases your rate of magic regeneration.
   Will:      It increases your willpower.
 K - a ring of ice
Wands
 a - a wand of digging (6)
 b - a wand of polymorph (15)
 p - a wand of iceblast (9)
 u - a wand of paralysis (8)
 D - a wand of flame (22)
Scrolls
 h - 3 scrolls of identify
 n - 6 scrolls of teleportation
 q - 4 scrolls of fog
 v - a scroll of enchant armour
 A - 2 scrolls of holy word
 B - 3 scrolls of blinking
 E - a scroll of magic mapping
 J - 2 scrolls of enchant weapon
 N - 2 scrolls of fear
Potions
 d - 4 potions of brilliance
 e - a potion of haste
 j - 4 potions of might
 k - 3 potions of heal wounds
 l - 3 potions of curing
 m - 4 potions of resistance
 r - a potion of magic
 t - a potion of cancellation
 x - a potion of invisibility
 F - 2 potions of flight
Miscellaneous
 L - a condenser vane


   Skills:
 - Level 6.0 Fighting
 - Level 6.0 Staves
 - Level 6.4 Dodging
 - Level 1.7 Stealth
 + Level 8.4 Spellcasting
 + Level 11.8 Conjurations
 - Level 6.1 Hexes
 - Level 6.8 Translocations
 + Level 11.5 Fire Magic
 + Level 6.6 Invocations
 - Level 3.0 Evocations


You had 11 spell levels left.
You knew the following spells:

 Your Spells              Type           Power      Damage    Failure   Level
a - Magic Dart            Conj           100%       1d8       1%          1
b - Searing Ray           Conj           100%       2d8       1%          2
c - Dazzling Flash        Conj/Hex       100%       N/A       1%          3
d - Iskenderun's Mystic   Conj/Tloc      59%        2d12      1%          4
e - Flame Wave            Conj/Fire      86%        2d15      1%          4
f - Inner Flame           Hex/Fire       75%        N/A       1%          3

Your spell library contained the following spells:

 Spells                   Type           Power      Damage    Failure   Level
 Foxfire                  Conj/Fire      100%       2x1d9     1%          1
 Ensorcelled Hibernation  Hex/Ice        58%        N/A       1%          2
 Conjure Flame            Conj/Fire      86%        6-21      1%          3
 Fulminant Prism          Conj/Hex       29%        3d14      1%          4
 Sublimation of Blood     Necr           11%        N/A       7%          2
 Irradiate                Conj/Tmut      22%        3d21      12%         5
 Anguish                  Hex/Necr       14%        N/A       13%         4
 Spider Form              Tmut/Pois      11%        N/A       14%         3
 Animate Dead             Necr           5%         N/A       43%         4
 Petrify                  Tmut/Erth      11%        N/A       43%         4
 Haunt                    Necr/Summ      5%         N/A       100%        7
 Infestation              Necr           5%         N/A       100%        8


Dungeon Overview and Level Annotations

Branches:
Dungeon (9/15)             Temple (1/1) D:6            Lair (3/6) D:8
    Orc (0/2) D:9          Bailey (visited)
  Swamp: Lair:2-4    Shoals: Lair:2-4     Snake: Lair:2-4    Spider: Lair:2-4

Altars:
Ashenzari
Cheibriados
Dithmenos
Elyvilon
Fedhas
Gozag
Hepliaklqana
Kikubaaqudgha
Makhleb
Nemelex Xobeh
Okawaru
Ru
Sif Muna
Trog
Vehumet
Wu Jian
Xom
Yredelemnul
Zin
The Shining One

Shops:
D:9 [


Innate Abilities, Weirdness & Mutations

You can breathe blasts of fire.
Your fiery red scales are hard. (AC +8)
You cannot fit into any form of body armour.
Your flesh is heat resistant. (rF+)
You are cold-blooded and may be slowed by cold attacks.


Message History

Unknown command.
Unknown command.
A wave of flame ripples out!
You finish channelling waves of flame.
You are engulfed in blazing flames.
You resist.
* * * LOW HITPOINT WARNING * * *
Unknown command.
You start resting.
A wolf spider is nearby!
A wolf spider is nearby!
A wolf spider is nearby!
Aiming: Breathe Fire (2% risk of failure)
Press: ? - help, Shift-Dir - straight line, f - wolf spider
Aim: a wolf spider (71% to hit)
You breathe a blast of fire.
The fiery breath hits the wolf spider!
The wolf spider is moderately wounded.
The wolf spider is engulfed in blazing flames.
The wolf spider hits you but does no damage.
The wolf spider barely misses you.
The wolf spider is engulfed in blazing flames.
The wolf spider closely misses you. The wolf spider bites you!
* * * LOW HITPOINT WARNING * * *
You are lethally poisoned!
The wolf spider poisons you!
You barely miss the wolf spider.
The wolf spider is heavily wounded.
* * * LOW HITPOINT WARNING * * *
You feel extremely sick.
The wolf spider is engulfed in blazing flames.
The wolf spider completely misses you. The wolf spider bites you.
* * * LOW HITPOINT WARNING * * *
You are more poisoned.
The wolf spider poisons you!
You feel better.
The wolf spider is engulfed in blazing flames.
The wolf spider hits you!
* * * LOW HITPOINT WARNING * * *
The wolf spider misses you.
The wolf spider is engulfed in blazing flames.
The wolf spider hits you!
You die...

#...# #...####
###...#..#.h
###...........
#.............
###...........
##...#.####..
#...s.##
##..@## ##
#....###.#.
###........
#.........
....
#.........
.....
##....###.
#...#
#.>#.....
.....
#####........
##P##
#P...........
.####


You could see a wolf spider.

Vanquished Creatures
  Gastronok (D:9)
  An orc warlord (Bailey)
  5 hydras
  3 two-headed ogres
  An orc knight (Bailey)
  A wolf spider (Lair:3)
  5 black mambas (Lair:2)
  7 elephants
  10 cane toads
  A molten gargoyle (Lair:2)
  Maggie (D:6)
  7 komodo dragons
  Psyche (D:9)
  A polar bear (Lair:2)
  9 blink frogs
  20 yaks
  3 wyverns
  Eustachio (D:5)
  A basilisk (Lair:2)
  A steam dragon (Lair:2)
  Menkaure (D:7)
  An acid dragon (D:8)
  3 wargs (D:9)
  7 water moccasins
  Duvessa (D:5)
  2 ice beasts (D:6)
  6 orc warriors
  An ogre (D:4)
  11 wolves
  2 necrophages
  A phantom (D:4)
  2 centaurs
  Blork the orc (D:5)
  3 kobold brigands (D:7)
  15 bullfrogs
  A scorpion (D:3)
  Dowan (D:5)
  5 wights
  A howler monkey (D:4)
  2 bullfrog zombies
  4 centaur zombies
  4 orc priests
  3 hounds
  2 jellies
  A centaur skeleton (D:7)
  3 bullfrog skeletons
  Terence (D:2)
  An iguana (D:5)
  6 orc wizards
  A howler monkey zombie (D:5)
  9 gnolls
  9 adders
  A shadow imp (D:5)
  A white imp (D:6)
  An adder zombie (D:4)
  An adder skeleton (D:4)
  2 worms
  2 dart slugs (D:4)
  23 orcs
  2 bats
  8 endoplasms
  6 giant cockroaches
  15 goblins
  12 hobgoblins
  3 jackals (D:2)
  40 kobolds
  2 quokkas
  6 ball pythons
  5 frilled lizards
  9 rats
330 creatures vanquished.

Vanquished Creatures (others)
  19 fungi
  41 plants
60 creatures vanquished.

Grand Total: 390 creatures vanquished

Notes
Turn   | Place    | Note
-------+----------+-------------------------------------------
     0 | D:1      | pkoi the Draconian Conjurer began the quest for the Orb.
     0 | D:1      | Reached XP level 1. HP: 14/14 MP: 3/3
   291 | D:1      | Reached XP level 2. HP: 6/20 MP: 0/5
   517 | D:1      | Learned a level 2 spell: Searing Ray
  1161 | D:1      | Reached skill level 5 in Conjurations
  1235 | D:1      | Reached XP level 3. HP: 26/26 MP: 4/6
  1246 | D:1      | Learned a level 3 spell: Dazzling Flash
  1495 | D:2      | Noticed Terence
  1522 | D:2      | Killed Terence
  1523 | D:2      | Reached skill level 1 in Hexes
  1523 | D:2      | Reached XP level 4. HP: 28/33 MP: 4/7
  2103 | D:3      | Noticed a scorpion
  2106 | D:3      | Killed a scorpion
  2107 | D:3      | Reached XP level 5. HP: 38/38 MP: 4/8
  2167 | D:3      | Found an iron altar of Okawaru.
  2299 | D:3      | Found a bloodstained altar of Trog.
  2327 | D:3      | Found a radiant altar of Vehumet.
  2473 | D:4      | Found a snail-covered altar of Cheibriados.
  3061 | D:4      | Noticed a necrophage
  3129 | D:4      | Killed a necrophage
  3130 | D:4      | Reached XP level 6. HP: 44/45 MP: 5/10
  3502 | D:4      | Your scales start taking on a fiery red colour.
  3502 | D:4      | Reached XP level 7. HP: 50/50 MP: 7/11
  3502 | D:4      | Gained mutation: Your flesh is heat resistant. (rF+) [Red
                  | Draconian growth]
  3603 | D:4      | Learned a level 4 spell: Iskenderun's Mystic Blast
  3810 | D:4      | Reached skill level 1 in Fire Magic
  3995 | D:4      | Reached skill level 1 in Evocations
  4476 | D:5      | Entered Level 5 of the Dungeon
  4595 | D:5      | Reached skill level 1 in Fighting
  4603 | D:5      | Noticed Eustachio
  4806 | D:5      | Killed Eustachio
  4807 | D:5      | Reached skill level 1 in Staves
  4807 | D:5      | Reached skill level 1 in Translocations
  5026 | D:5      | Identified the +0 ring mail "Ciana" {Int+4}
  5034 | D:5      | Noticed Duvessa
  5039 | D:5      | Killed Duvessa
  5040 | D:5      | Reached XP level 8. HP: 45/60 MP: 4/12
  5117 | D:5      | Noticed Dowan
  5119 | D:5      | Killed Dowan
  5317 | D:5      | Found a glowing silver altar of Zin.
  5337 | D:5      | Noticed Blork the orc
  5343 | D:5      | Killed Blork the orc
  5346 | D:5      | Identified the +0 plate armour of Qoymatea {Int+6}
  6359 | D:6      | Noticed a two-headed ogre
  6778 | D:6      | Noticed a seven-headed hydra
  6817 | D:5      | Killed a two-headed ogre
  6818 | D:5      | Reached XP level 9. HP: 56/70 MP: 10/13
  6889 | D:5      | Learned a level 4 spell: Flame Wave
  6945 | D:6      | Found a staircase to the Ecumenical Temple.
  7085 | D:6      | Killed a seven-headed hydra
  7222 | D:6      | Identified the +9 whip "Cuaxty" {venom, rF++ rC- Dex+7}
  7229 | Temple   | Entered the Ecumenical Temple
  7277 | Temple   | Became a worshipper of Sif Muna the Loreminder
  7317 | D:6      | Found a hazy altar of Hepliaklqana.
  7492 | D:6      | Noticed Maggie
  7505 | D:6      | Killed Maggie
  7506 | D:6      | Reached skill level 5 in Fire Magic
  7506 | D:6      | Reached skill level 1 in Invocations
  7569 | D:6      | Identified the amulet "Zemisoy" {RegenMP Will+}
  7614 | D:7      | Noticed Menkaure
  7618 | D:7      | Killed Menkaure
  7722 | D:7      | Found a broken altar of Ashenzari.
  7993 | D:7      | Noticed a cyclops
  8193 | D:8      | Noticed a two-headed ogre
  8201 | D:8      | Killed a two-headed ogre
  8202 | D:8      | Reached skill level 5 in Fighting
  8202 | D:8      | Reached XP level 10. HP: 54/81 MP: 14/14
  8676 | D:8      | Reached * piety under Sif Muna
  9406 | D:8      | Found a staircase to the Lair.
  9527 | D:9      | Noticed Gastronok
  9827 | D:9      | Killed Gastronok
  9828 | D:9      | Reached skill level 5 in Staves
  9828 | D:9      | Reached skill level 5 in Dodging
  9828 | D:9      | Reached skill level 5 in Translocations
 10009 | D:9      | Noticed Psyche
 10016 | D:9      | Killed Psyche
 10022 | D:9      | Found a flagged portal.
 10031 | Bailey   | Entered a bailey
 10075 | Bailey   | Noticed an orc warlord
 10106 | Bailey   | Noticed an orc knight
 10107 | Bailey   | Noticed an orc knight
 10125 | Bailey   | an orc knight changed into a blink frog
 10134 | Bailey   | Killed an orc knight
 10193 | Bailey   | Reached skill level 5 in Hexes
 10403 | Bailey   | Found a runed translucent gate.
 10403 | Bailey   | Found a runed translucent gate.
 10403 | Bailey   | Found a runed translucent gate.
 10677 | Bailey   | HP: 5/124 [orc warlord/+0 war axe (8)]
 10685 | Bailey   | Killed an orc warlord
 10686 | Bailey   | Reached XP level 11. HP: 5/89 MP: 7/17
 11159 | D:9      | Acquired the ring of the Chupacabra {rF+ Str+6 Int+5}
 11464 | D:9      | Noticed a two-headed ogre
 11471 | D:9      | Killed a two-headed ogre
 11662 | D:9      | Found Nabu's Dragon-Slaying Spoils.
 11959 | D:9      | Found a staircase to the Orcish Mines.
 12194 | D:9      | Reached skill level 5 in Spellcasting
 12194 | D:9      | Reached XP level 12. HP: 96/96 MP: 17/20
 12204 | D:9      | Learned a level 3 spell: Inner Flame
 12278 | Lair:1   | Entered Level 1 of the Lair of Beasts
 12290 | Lair:1   | Reached ** piety under Sif Muna
 12291 | Lair:1   | Reached skill level 5 in Invocations
 12929 | Lair:1   | Reached skill level 10 in Conjurations
 14841 | Lair:2   | Noticed a six-headed hydra
 14849 | Lair:2   | Killed a six-headed hydra
 15228 | Lair:2   | Reached skill level 10 in Fire Magic
 15349 | Lair:2   | Reached XP level 13. HP: 57/102 MP: 15/23
 15869 | Lair:2   | Reached *** piety under Sif Muna
 19253 | Lair:3   | Slain by a wolf spider

Illustrated notes

Levels and vault maps discovered:
D:1:      lightli_arrival_lavapool, layout_basic, kennysheep_boxes
D:2:      layout_basic, uniq_terence
D:3:      layout_rooms, mainiacjoe_overflow_brackets, okawaru_trees_2,
          mainiacjoe_overflow_cross_hatched
D:4:      minmay_clustersquares, layout_basic, kennysheep_slug_shrine
D:5:      layout_loops_cross, mainiacjoe_overflow_small_starburst, uniq_duvessa,
          uniq_blork_the_orc, uniq_eustachio
D:6:      minmay_cornered_nines, layout_basic, mainiacjoe_overflow_alcove_1,
          minmay_temple_entry_trees, minmay_misc_feat_more_columns,
          grunt_decor_resistance, kennysheep_big_empty_room, uniq_maggie
D:7:      layout_basic, evilmike_ruin_ashenzari, minmay_misc_feat_pillars,
          lightli_corner_chamber, uniq_menkaure
D:8:      layout_basic, lair_entry_dummy
D:9:      layout_stronghold, david_orc_1_choice, enter_bailey_6,
          nicolae_shop_dragon_depot, uniq_gastronok, uniq_psyche
Temple:   cyrus_circular_temple
Lair:1:   layout_regular_city, beast_lair_carwin_3, infiniplex_staircase_pool
Lair:2:   cheibrodos_lair_river_kwai, layout_gridlike, minmay_shattered_shrine,
          serial_bayou_shore_b
Lair:3:   layout_gridlike, nicolae_lair_run_with_the_wolves

Skill      XL: |  1  2  3  4  5  6  7  8  9 10 11 12 13 |
---------------+----------------------------------------+-----
Conjurations   | 5 6 7 8 9 10 11 | 11.8
Hexes          | 1 2 3 4 5 6 |  6.1
Spellcasting   | 3 4 5 7 8 |  8.4
Fire Magic     | 2 4 5 6 8 10 11 | 11.5
Dodging        | 2 3 4 5 6 |  6.4
Evocations     | 1 3 |  3.0
Fighting       | 1 3 5 6 |  6.0
Staves         | 1 3 4 5 6 |  6.0
Translocations | 1 3 4 5 6 |  6.8
Invocations    | 2 3 4 6 |  6.6
Stealth        | |  1.7

Action                   |  1- 3 |  4- 6 |  7- 9 | 10-12 | 13-15 || total
-------------------------+-------+-------+-------+-------+-------++-------
Melee: Unarmed           |    15 |       |       |       |       ||    15
       Tailslap          |     1 |     1 |    11 |    27 |     6 ||    46
       Punch             |     1 |     1 |     2 |     1 |     1 ||     6
       Short sword       |       |     6 |       |       |       ||     6
       Dagger            |       |     4 |       |       |       ||     4
       Staff             |       |       |    13 |    48 |    29 ||    90
       Whip              |       |       |    49 |    99 |       ||   148
 Cast: Magic Dart        |    70 |   127 |   169 |    47 |    21 ||   434
       Searing Ray       |     1 |     4 |     6 |     7 |       ||    18
       Flame Wave        |       |       |     1 |     6 |     3 ||    10
       Iskenderun's Myst |       |       |       |    61 |    40 ||   101
       Dazzling Flash    |       |       |       |     4 |     3 ||     7
       Inner Flame       |       |       |       |    13 |    34 ||    47
 Abil: Breathe Fire      |       |       |    17 |    15 |     9 ||    41
Evoke: Wand              |       |       |       |     1 |       ||     1
  Use: Scroll            |       |     5 |     9 |    10 |     6 ||    30
       Potion            |       |       |       |     3 |     3 ||     6
 Stab: Sleeping          |       |       |     1 |       |       ||     1
Armor: Skin              |       |     8 |    49 |    67 |    57 ||   181
Dodge: Dodged            |    17 |    19 |    81 |   192 |   105 ||   414
